[Event "Titled Tuesday Blitz November 15 Early 2022"]
[White "Martin, Lewis"]
[Black "Hajiyev, Kanan"]
[WhiteFideId "410551"]
[BlackFideId "13404148"]
[WhiteElo "2145"]
[BlackElo "2118"]
[Result "0-1"]
[Round "08"]
[TimeControl "180+1"]
[Date "2022.11.16"]
[WhiteClock "0:00:02"]
[BlackClock "0:00:09"]

1. e4 c6 2. d4 d5 3. Nc3 a6 4. Nf3 Bg4 5. Be3 e6 6. exd5 cxd5 7. h3 Bh5 8. g4 Bg6 9. Ne5 Nc6 10. Nxg6 hxg6 11. Qd2 Bb4 12. a3 Qa5 13. Bg2 Rc8 14. O-O Bd6 15. b4 Qc7 16. Ne2 Na7 17. c3 Nb5 18. Rfc1 Bh2+ 19. Kf1 Nd6 20. Qe1 Nc4 21. Rc2 Nf6 22. Ng3 Kf8 23. Bg5 Bxg3 24. fxg3 Ne4 25. Bxe4 dxe4 26. Kg2 f5 27. gxf5 exf5 28. Rf2 Kg8 29. Bf4 Qd7 30. h4 Qd5 31. Be3 Rc6 32. a4 Kh7 33. a5 Rhc8 34. Rc1 Kg8 35. Bf4 Na3 36. Kh2 Nc4 37. Be3 Na3 38. Bd2 Nc4 39. Be3 Qf7 40. Rf4 R6c7 41. Qf2 Qe6 42. Kh1 Rf7 43. Kh2 Rcf8 44. Kh1 Qd5 45. Kh2 Rd7 46. Re1 Rff7 47. Rc1 Nd6 48. Bd2 Rc7 49. Be1 Nb5 50. Qf1 Nd6 51. Qf2 Nc4 52. Qf1 Rf8 53. Qf2 Rfc8 54. Rd1 Nd6 55. Rc1 Qc4 56. g4 Rf7 57. g5 Rfc7 58. Kh3 Kf7 59. Kh2 Rh8 60. Kg3 Qd5 61. Qh2 Nb5 62. Rc2 Qb3 63. Rb2 Qa3 64. Qc2 Nxd4 65. Qd2 Ne6 66. Qd5 Qxb2 67. Rxf5+ gxf5 68. Qxf5+ Ke7 69. Bf2 Rxc3+ 70. Kg4 Rf8 71. Qg6 Qxf2 0-1


[Site "https://www.chess.com"]

[Event "Titled Tuesday Blitz November 15 Early 2022"]
[White "Matinian, Nikita"]
[Black "Raahul V S"]
[WhiteFideId "24129100"]
[BlackFideId "25035525"]
[WhiteElo "2422"]
[BlackElo "2233"]
[Result "1-0"]
[Round "08"]
[TimeControl "180+1"]
[Date "2022.11.16"]
[WhiteClock "0:00:07"]
[BlackClock "0:00:02"]

1. e4 e6 2. d4 d5 3. Nc3 Nf6 4. e5 Nfd7 5. f4 c5 6. Nf3 Nc6 7. Be3 Be7 8. Qd2 O-O 9. dxc5 Qa5 10. Nb5 Qxd2+ 11. Nxd2 Bxc5 12. Bxc5 Nxc5 13. O-O-O Bd7 14. h4 Nb4 15. a3 Nbd3+ 16. Bxd3 Nxd3+ 17. cxd3 Bxb5 18. Nf3 Rac8+ 19. Kd2 Ba4 20. Rc1 f6 21. exf6 gxf6 22. Nd4 Kf7 23. g4 Bd7 24. g5 e5 25. fxe5 fxe5 26. Rhf1+ Ke7 27. Ne2 Rxc1 28. Rxc1 Kd6 29. Rg1 Rf2 30. h5 Ke7 31. g6 hxg6 32. hxg6 Kf8 33. g7+ Kg8 34. Rg5 e4 35. Ke1 Rf5 36. Rg3 exd3 37. Nc3 Be6 38. Nb5 Re5+ 39. Kd2 Re2+ 40. Kxd3 Rxb2 41. Nd4 Bf7 42. Rg5 Rf2 43. Kc3 Kh7 44. Nf5 Rf4 45. Ne7 Bg8 46. Ng6 Rc4+ 47. Kd2 Kxg7 48. Ne5+ Kf6 49. Nxc4 Kxg5 50. Nd6 1-0


[Site "https://www.chess.com"]

[Event "Titled Tuesday Blitz November 15 Early 2022"]
[White "Mejia, Cherry Ann"]
[Black "Ristic, Nebojsa B"]
[WhiteFideId "5206880"]
[BlackFideId "935468"]
[WhiteElo "2007"]
[BlackElo "2320"]
[Result "1/2-1/2"]
[Round "08"]
[TimeControl "180+1"]
[Date "2022.11.16"]
[WhiteClock "0:00:20"]
[BlackClock "0:01:10"]

1. e4 Nc6 2. Nf3 d6 3. Bb5 a6 4. Ba4 Nf6 5. Qe2 b5 6. Bb3 e6 7. c3 Be7 8. d4 e5 9. O-O O-O 10. h3 h6 11. Rd1 exd4 12. cxd4 d5 13. Nc3 dxe4 14. Nxe4 Bb7 15. Ng3 Re8 16. Ne5 Nd5 17. Nxf7 Qd7 18. Nxh6+ gxh6 19. Qh5 Na5 20. Qg6+ Kh8 21. Qxh6+ Kg8 22. Qg6+ Kh8 23. Qh6+ Kg8 24. Qg6+ Kh8 25. Qh6+ 1/2-1/2


[Site "https://www.chess.com"]

[Event "Titled Tuesday Blitz November 15 Early 2022"]
[White "Melian, Juan Sebastian"]
[Black "Malka, Samuel"]
[WhiteFideId "3706575"]
[BlackFideId "20643675"]
[WhiteElo "2044"]
[BlackElo "2475"]
[Result "1-0"]
[Round "08"]
[TimeControl "180+1"]
[Date "2022.11.16"]
[WhiteClock "0:00:04"]
[BlackClock "0:00:02"]

1. d4 Nf6 2. c4 g6 3. Nc3 Bg7 4. e4 d6 5. f3 O-O 6. Nge2 a6 7. Ng3 c6 8. Be3 b5 9. Qd2 Nbd7 10. Be2 b4 11. Nd1 c5 12. d5 h5 13. O-O a5 14. Bd3 Ne5 15. Be2 e6 16. h3 exd5 17. cxd5 c4 18. f4 Nd3 19. Bxd3 cxd3 20. Nf2 h4 21. Ngh1 Re8 22. Rfe1 Nxe4 23. Nxe4 Rxe4 24. Qxd3 Bf5 25. Nf2 Re8 26. Qd2 Rc8 27. Rac1 Qf6 28. b3 Rc3 29. Bb6 Rec8 30. Bxa5 Rc2 31. Qe3 Qd4 32. Rcd1 Qxe3 33. Rxe3 Rxa2 34. Bxb4 Rcc2 35. Rf3 Bf8 36. Re1 Kh7 37. Re8 Bg7 38. Re1 Bd4 39. Rf1 Bd3 40. Rxd3 Bxf2+ 41. Kh2 Bg3+ 42. Rxg3 hxg3+ 43. Kxg3 Rxg2+ 44. Kf3 Rgb2 45. Bxd6 Rxb3+ 46. Ke4 Ra4+ 47. Ke5 Re3+ 48. Kf6 Ra6 49. Kxf7 Rxd6 50. f5 gxf5 51. Rxf5 Rxh3 52. Ke7 Rhh6 53. Re5 Rdg6 54. Rf5 Rg7+ 55. Ke8 Rd6 56. Rh5+ Kg6 57. Re5 Rg8+ 58. Ke7 Rg7+ 59. Kxd6 Kf6 60. Re6+ Kf5 61. Re7 Rg6+ 62. Kc7 1-0


[Site "https://www.chess.com"]

[Event "Titled Tuesday Blitz November 15 Early 2022"]
[White "Melikhov, Evgeny V."]
[Black "Deev, Andrei"]
[WhiteFideId "4122046"]
[BlackFideId "4102690"]
[WhiteElo "2169"]
[BlackElo "2285"]
[Result "1-0"]
[Round "08"]
[TimeControl "180+1"]
[Date "2022.11.16"]
[WhiteClock "0:00:06"]
[BlackClock "0:00:01"]

1. d4 d6 2. e4 Nf6 3. Bd3 c5 4. d5 g6 5. h3 Bg7 6. Nf3 O-O 7. O-O c4 8. Bxc4 Nxe4 9. Re1 Nf6 10. Nc3 a6 11. a4 Nbd7 12. Be3 Qc7 13. b3 b6 14. Qd2 Re8 15. Rac1 Bb7 16. Bd4 Nc5 17. Re2 e5 18. dxe6 fxe6 19. Bxc5 dxc5 20. Rxe6 Kh8 21. Ng5 h6 22. Qd6 Qxd6 23. Nf7+ Kh7 24. Nxd6 Rxe6 25. Bxe6 Bc6 26. Bc4 Nh5 27. Nde4 Nf4 28. Rd1 b5 29. axb5 axb5 30. Bd5 Nxd5 31. Nxd5 c4 32. bxc4 bxc4 33. Ndf6+ Kh8 34. Rd6 Rc8 35. g3 Bf8 36. Re6 Kg7 37. g4 Kf7 38. Re5 Bg7 39. g5 Bxf6 40. gxf6 Bxe4 41. Rxe4 Kxf6 42. Kg2 Kf5 43. Rd4 Ke5 44. c3 g5 45. Kg3 h5 46. h4 g4 47. f3 gxf3 48. Kxf3 Rf8+ 49. Kg3 Rg8+ 50. Kf3 Rf8+ 51. Ke3 Rg8 52. Rxc4 1-0


[Site "https://www.chess.com"]

[Event "Titled Tuesday Blitz November 15 Early 2022"]
[White "Mohammed, Zozek Salah Mohammed"]
[Black "Gonzalez, Francisco Silva"]
[WhiteFideId "4803361"]
[BlackFideId "1512285"]
[WhiteElo "2199"]
[BlackElo "2159"]
[Result "1-0"]
[Round "08"]
[TimeControl "180+1"]
[Date "2022.11.16"]
[WhiteClock "0:00:24"]
[BlackClock "0:00:16"]

1. d4 Nf6 2. Nf3 d5 3. c4 e6 4. g3 dxc4 5. Bg2 Nc6 6. O-O Rb8 7. a4 b6 8. Na3 Bxa3 9. Rxa3 O-O 10. Re1 Re8 11. e4 Ba6 12. h4 h6 13. Bf4 Rc8 14. Qd2 Na5 15. Bxh6 gxh6 16. Qxh6 Nh7 17. e5 Qe7 18. Re4 Qf8 19. Rg4+ Kh8 20. Qh5 f5 21. exf6 Qxf6 22. Ne5 Rg8 23. Rf3 Qxf3 24. Bxf3 Rxg4 25. Bxg4 Rg8 26. Bxe6 Bc8 27. Bxg8 Kxg8 28. Qf7+ Kh8 29. Ng6# 1-0


[Site "https://www.chess.com"]

[Event "Titled Tuesday Blitz November 15 Early 2022"]
[White "Nakamura, Hikaru"]
[Black "Vokhidov, Shamsiddin"]
[WhiteFideId "2016192"]
[BlackFideId "14204223"]
[WhiteElo "2909"]
[BlackElo "2619"]
[Result "1-0"]
[Round "08"]
[TimeControl "180+1"]
[Date "2022.11.15"]
[WhiteClock "0:01:34"]
[BlackClock "0:00:33"]

1. Nf3 c5 2. g3 g6 3. e4 Bg7 4. d4 cxd4 5. Nxd4 Nc6 6. Ne2 d6 7. Bg2 f5 8. exf5 Bxf5 9. O-O Nf6 10. c4 O-O 11. Nbc3 Qd7 12. b3 Bh3 13. Bxh3 Qxh3 14. Nf4 Qd7 15. Bb2 Ne4 16. Qd5+ Kh8 17. Qxe4 e5 18. Nfe2 Rae8 19. Nd5 Nd8 20. Rae1 Ne6 21. h4 Nc5 22. Qe3 Qh3 23. Ba3 Ne6 24. Bxd6 Rf5 25. Qe4 g5 26. Qg2 Qg4 27. f3 1-0


[Site "https://www.chess.com"]

[Event "Titled Tuesday Blitz November 15 Early 2022"]
[White "Narayanan, Srinath"]
[Black "Ovchinnikov, Vsevolod"]
[WhiteFideId "5018420"]
[BlackFideId "24176842"]
[WhiteElo "2459"]
[BlackElo "2376"]
[Result "1-0"]
[Round "08"]
[TimeControl "180+1"]
[Date "2022.11.16"]
[WhiteClock "0:01:39"]
[BlackClock "0:00:03"]

1. d4 Nf6 2. c3 d5 3. Bf4 Nh5 4. Be5 Nd7 5. e3 Nxe5 6. dxe5 g6 7. c4 e6 8. Nc3 c6 9. f4 Qh4+ 10. Kd2 Bc5 11. Qe1 Qd8 12. Kc2 f6 13. Nf3 a6 14. Rd1 b5 15. cxd5 cxd5 16. e4 d4 17. exf6 Bb7 18. f7+ Kxf7 19. f5 exf5 20. exf5 Re8 21. fxg6+ hxg6 22. Qf2 Qf6 23. Bd3 Bxf3 24. gxf3 dxc3 25. Qxc5 Rac8 26. Qd5+ Qe6 27. Bxg6+ Kxg6 28. Rhg1+ Kf6 29. Qg5+ Kf7 30. Qxh5+ Kf8 31. Qh8+ Ke7 32. Qg7+ Qf7 33. Rge1# 1-0


[Site "https://www.chess.com"]

[Event "Titled Tuesday Blitz November 15 Early 2022"]
[White "Nielsen, Viktor Haarmark"]
[Black "Kaminski, Victor"]
[WhiteFideId "1444492"]
[BlackFideId "1131630"]
[WhiteElo "2345"]
[BlackElo "2181"]
[Result "1-0"]
[Round "08"]
[TimeControl "180+1"]
[Date "2022.11.16"]
[WhiteClock "0:00:45"]
[BlackClock "0:00:04"]

1. e4 e5 2. Nf3 Nc6 3. Bb5 Nf6 4. d3 Bc5 5. c3 O-O 6. O-O d6 7. Re1 a6 8. Ba4 Ba7 9. Nbd2 Ne7 10. Nf1 Ng6 11. Be3 h6 12. Bxa7 Rxa7 13. Ng3 Nf4 14. d4 Bg4 15. h3 Bxf3 16. Qxf3 c5 17. Rad1 Qc7 18. Nf5 cxd4 19. cxd4 Raa8 20. h4 Nh7 21. Bb3 Kh8 22. Qg4 f6 23. g3 h5 24. Qf3 Ng6 25. Qxh5 Ne7 26. Nxe7 Qxe7 27. Rc1 exd4 28. Qd5 Qe5 29. Red1 f5 30. Rxd4 f4 31. Qxd6 Qxd6 32. Rxd6 fxg3 33. fxg3 Nf6 34. e5 Ne4 35. Rd3 Rae8 36. e6 b6 37. Re3 Nc5 38. e7 Rf6 39. Rxc5 bxc5 40. Ba4 1-0


[Site "https://www.chess.com"]

[Event "Titled Tuesday Blitz November 15 Early 2022"]
[White "Novikova, Galina"]
[Black "Santos Flores, Alberto"]
[WhiteFideId "4157095"]
[BlackFideId "3601234"]
[WhiteElo "1973"]
[BlackElo "2235"]
[Result "1-0"]
[Round "08"]
[TimeControl "180+1"]
[Date "2022.11.16"]
[WhiteClock "0:02:40"]
[BlackClock "0:02:18"]

1. e4 c5 2. Nf3 Nc6 3. d4 cxd4 4. Nxd4 g6 5. Nc3 Bg7 6. Be3 Nf6 7. Nxc6 bxc6 8. e5 Ng8 9. Bd4 Qa5 10. f4 f6 11. Bc4 fxe5 12. fxe5 Bxe5 13. Qd3 Rb8 14. O-O-O Bxd4 15. Qxd4 Qb6 16. Qxh8 Qxb2+ 17. Kd2 d5 18. Qxg8+ Kd7 19. Bb3 Qa3 20. Rhe1 Rb4 21. Qe6+ Kd8 22. Qxe7# 1-0


[Site "https://www.chess.com"]

[Event "Titled Tuesday Blitz November 15 Early 2022"]
[White "Omariev, Maksim"]
[Black "Buscar, Michael"]
[WhiteFideId "4193423"]
[BlackFideId "2603616"]
[WhiteElo "2508"]
[BlackElo "2010"]
[Result "1-0"]
[Round "08"]
[TimeControl "180+1"]
[Date "2022.11.16"]
[WhiteClock "0:00:08"]
[BlackClock "0:00:09"]

1. g4 b5 2. Bg2 Nc6 3. d4 d5 4. Nc3 Bxg4 5. Nxd5 Bd7 6. Bf4 Rc8 7. Qd2 e6 8. Nc3 a6 9. e4 Bb4 10. Nge2 Nge7 11. a3 Ba5 12. b4 Bb6 13. d5 Nb8 14. Rd1 Ng6 15. Bg3 O-O 16. h4 Re8 17. h5 Nf8 18. h6 g6 19. e5 f5 20. Bh4 Re7 21. d6 cxd6 22. exd6 Nc6 23. dxe7 Nxe7 24. Qd6 Kf7 25. Bxe7 Qxe7 26. Qxb6 Qg5 27. O-O Rc4 28. Qe3 Qh5 29. Qf3 Rg4 30. Ng3 Qg5 31. Nce2 Kg8 32. Rd6 f4 33. Ne4 Qh4 34. Qxg4 Qxg4 35. Nf6+ Kf7 36. Nxg4 Ke7 37. Rfd1 g5 38. Ne5 Be8 39. Nd4 Kf6 40. Nec6 Bh5 41. Rd2 Ng6 42. Rxe6+ Kf7 43. Rxg6 Bxg6 44. Bd5+ 1-0


[Site "https://www.chess.com"]

[Event "Titled Tuesday Blitz November 15 Early 2022"]
[White "Oro, Faustino"]
[Black "Iturrizaga Bonelli, Eduardo"]
[WhiteFideId "20000197"]
[BlackFideId "3901211"]
[WhiteElo "2066"]
[BlackElo "2637"]
[Result "0-1"]
[Round "08"]
[TimeControl "180+1"]
[Date "2022.11.15"]
[WhiteClock "0:00:03"]
[BlackClock "0:01:15"]

1. e4 c5 2. Nf3 e6 3. c3 Nf6 4. e5 Nd5 5. d4 cxd4 6. cxd4 b6 7. Nc3 Bb7 8. Bd3 Be7 9. O-O Nxc3 10. bxc3 O-O 11. Qe2 Nc6 12. Bd2 Rc8 13. Ne1 d6 14. exd6 Qxd6 15. Nc2 Rfd8 16. Rad1 Bf6 17. Ne3 Bg5 18. Nc4 Qe7 19. Rfe1 Bxd2 20. Nxd2 Na5 21. Rc1 Qg5 22. Be4 Bxe4 23. Nxe4 Qh6 24. Rc2 Nc4 25. Qd3 Rd5 26. Rce2 Qg6 27. h3 h6 28. Qf3 Rf5 29. Qg4 Qxg4 30. hxg4 Ra5 31. f3 Rc6 32. Kf2 Ra3 33. Rb1 Nd6 34. Nxd6 Rxd6 35. Rb3 Ra4 36. Ke3 Rd5 37. Kd3 Rda5 38. Rbb2 g5 39. Rec2 Ra3 40. Ke4 Kg7 41. Kd3 Kf6 42. Kd2 e5 43. dxe5+ Kxe5 44. Ke3 Kd5 45. Kd3 Ke6 46. Re2+ Kf6 47. Red2 Rd5+ 48. Kc2 Rc5 49. Rd3 Ke5 50. Re3+ Kf4 51. Rd3 Kg3 52. Rd7 Raxc3+ 53. Kd2 Kxg2 54. Rxf7 Rxf3 55. Rxf3 Kxf3 56. Rb4 Ra5 57. a4 Rd5+ 58. Kc3 Ke3 59. Rb1 Rc5+ 60. Kb4 Kf4 61. Rg1 Kf3 0-1


[Site "https://www.chess.com"]

[Event "Titled Tuesday Blitz November 15 Early 2022"]
[White "Orzech, Dominik"]
[Black "Ardila, Oscar Humberto"]
[WhiteFideId "1115065"]
[BlackFideId "4404742"]
[WhiteElo "2272"]
[BlackElo "1959"]
[Result "0-1"]
[Round "08"]
[TimeControl "180+1"]
[Date "2022.11.16"]
[WhiteClock "0:00:03"]
[BlackClock "0:01:12"]

1. g3 Nf6 2. Bg2 g6 3. c4 Bg7 4. Nc3 O-O 5. d4 d6 6. Nf3 Nbd7 7. O-O c6 8. e4 e5 9. h3 Qc7 10. Re1 Re8 11. Be3 exd4 12. Nxd4 Nc5 13. Qc2 a5 14. Rad1 h5 15. f4 Bd7 16. Bf2 Rad8 17. Nb3 b6 18. Nd4 Nh7 19. Nf3 Bc8 20. Nb1 Nf6 21. Nbd2 Ba6 22. Ng5 Nh7 23. Nxh7 Kxh7 24. Nf3 Kg8 25. Ng5 Ne6 26. Nf3 Qe7 27. b3 Nc5 28. Ng5 Qf6 29. Nf3 Qc3 30. Qb1 d5 0-1


[Site "https://www.chess.com"]

[Event "Titled Tuesday Blitz November 15 Early 2022"]
[White "Papasimakopoulos, Alexandros"]
[Black "Ronka, Erik"]
[WhiteFideId "4244125"]
[BlackFideId "505080"]
[WhiteElo "2365"]
[BlackElo "2264"]
[Result "1-0"]
[Round "08"]
[TimeControl "180+1"]
[Date "2022.11.16"]
[WhiteClock "0:00:41"]
[BlackClock "0:00:03"]

1. d4 d5 2. c4 c6 3. cxd5 cxd5 4. Bf4 Nc6 5. e3 Bf5 6. Nc3 Nf6 7. Qb3 Na5 8. Qa4+ Bd7 9. Qc2 e6 10. Nf3 Nh5 11. Bg5 f6 12. Bh4 g5 13. g4 gxh4 14. gxh5 Qc7 15. Bd3 Nc4 16. Bxh7 O-O-O 17. Bg6 Kb8 18. Nd2 Nd6 19. O-O-O Rc8 20. Kb1 Qa5 21. Nb3 Qb4 22. a3 Qb6 23. Nc5 Rc7 24. Nxd7+ Rxd7 25. Na4 Qa5 26. Nc5 Rc7 27. Qb3 Nc4 28. Bd3 Bxc5 29. dxc5 Nd2+ 30. Rxd2 Qxd2 31. Rc1 f5 32. c6 b6 33. a4 Rxh5 34. Rc2 Qa5 35. Qa3 Rh8 36. Bb5 a6 37. b4 axb5 38. bxa5 bxa5 39. axb5 Ka7 40. Qxa5+ 1-0


[Site "https://www.chess.com"]

[Event "Titled Tuesday Blitz November 15 Early 2022"]
[White "Paravyan, David"]
[Black "Willow, Jonah B"]
[WhiteFideId "4194985"]
[BlackFideId "438804"]
[WhiteElo "2546"]
[BlackElo "2300"]
[Result "1-0"]
[Round "08"]
[TimeControl "180+1"]
[Date "2022.11.15"]
[WhiteClock "0:00:09"]
[BlackClock "0:00:05"]

1. e4 c5 2. Nf3 e6 3. d4 cxd4 4. Nxd4 Nc6 5. Nc3 Qc7 6. Nxc6 bxc6 7. Bd3 d5 8. Qe2 Be7 9. e5 Nh6 10. Bxh6 gxh6 11. O-O Rb8 12. Nd1 c5 13. b3 Rg8 14. f4 Bb7 15. g3 c4 16. bxc4 dxc4 17. Be4 Bc5+ 18. Kg2 Bd4 19. c3 Bb6 20. Nb2 Rc8 21. Rfd1 Ba5 22. Rac1 Bc6 23. Rd4 Qb7 24. Nxc4 Bc7 25. Kh3 Bxe4 26. Rxe4 Ke7 27. Rf1 Bb8 28. Rd4 Rgd8 29. Ne3 Rxd4 30. cxd4 Qe4 31. d5 exd5 32. Qg4 Rf8 33. Nf5+ Ke8 34. Ng7+ Ke7 35. Nh5 Qg6 36. Nf6 Qxg4+ 37. Kxg4 d4 38. Rb1 Rc8 39. Rb7+ Kf8 40. Rxb8 Rxb8 41. Nd7+ Ke7 42. Nxb8 d3 43. Kf3 Kd8 44. Nc6+ Kc7 45. Nb4 1-0


[Site "https://www.chess.com"]

[Event "Titled Tuesday Blitz November 15 Early 2022"]
[White "Parligras, Mircea-Emilian"]
[Black "Manukyan, Sargis A."]
[WhiteFideId "1204297"]
[BlackFideId "13303970"]
[WhiteElo "2507"]
[BlackElo "2187"]
[Result "1/2-1/2"]
[Round "08"]
[TimeControl "180+1"]
[Date "2022.11.16"]
[WhiteClock "0:00:45"]
[BlackClock "0:00:51"]

1. d4 c5 2. d5 e6 3. c4 exd5 4. cxd5 a6 5. a4 d6 6. Nc3 Ne7 7. g3 Ng6 8. Bg2 Be7 9. Nf3 Nd7 10. O-O Rb8 11. a5 O-O 12. Nd2 Re8 13. f4 b5 14. axb6 Rxb6 15. Nc4 Rb4 16. Na5 Bf6 17. Nc6 Qb6 18. Kh1 Bxc3 19. bxc3 Rb1 20. Rxb1 Qxb1 21. Qd3 Qa2 22. e4 c4 23. Qd4 Nc5 24. Be3 Qe2 25. Kg1 Nxe4 26. Bxe4 f5 27. Rf2 Qe1+ 28. Rf1 Qe2 29. Rf2 Qe1+ 30. Rf1 Qe2 1/2-1/2


[Site "https://www.chess.com"]

[Event "Titled Tuesday Blitz November 15 Early 2022"]
[White "Perez Gormaz, Matias"]
[Black "Sanchez Enriquez, Oscar Gerardo"]
[WhiteFideId "3406342"]
[BlackFideId "5106311"]
[WhiteElo "2341"]
[BlackElo "2375"]
[Result "0-1"]
[Round "08"]
[TimeControl "180+1"]
[Date "2022.11.16"]
[WhiteClock "0:00:01"]
[BlackClock "0:00:05"]

1. e4 d6 2. c4 Nf6 3. Nc3 g6 4. g3 Bg7 5. Bg2 O-O 6. Nge2 c5 7. O-O Nc6 8. h3 Rb8 9. d3 a6 10. a4 Bd7 11. Be3 Ne8 12. d4 cxd4 13. Nxd4 Nc7 14. b3 Ne6 15. Nde2 Nc5 16. Kh2 Nb4 17. Qd2 Nxb3 18. Qb2 Nxa1 19. Rxa1 a5 20. Rd1 Rc8 21. Qb3 Be6 22. Nd5 Bxd5 23. cxd5 Qc7 24. Rc1 Qb8 25. Rb1 Qc7 26. Rc1 Qd7 27. Rb1 Rc2 28. Nd4 Ra2 29. Nb5 Rc8 30. Kg1 Rcc2 31. Bf1 f5 32. Bb6 fxe4 33. Bxa5 Qf5 34. Bb6 Nd3 35. Be3 Nxf2 36. Nd4 Nxh3+ 37. Bxh3 Qxh3 38. Nxc2 Qxg3+ 39. Kf1 Rxc2 40. Qxc2 Qxe3 41. Rxb7 Bd4 42. Qc8+ Kg7 43. Rxe7+ Kh6 44. Qf8+ Kh5 45. Rxh7+ Kg4 46. Qc8+ Kg5 47. Qd8+ Bf6 48. Qe8 Qf3+ 49. Ke1 Bc3# 0-1


[Site "https://www.chess.com"]

[Event "Titled Tuesday Blitz November 15 Early 2022"]
[White "Pg, Mohd Omar Ak Hira"]
[Black "Cramling Bellon, Anna"]
[WhiteFideId "10500103"]
[BlackFideId "32009232"]
[WhiteElo "2184"]
[BlackElo "1972"]
[Result "1-0"]
[Round "08"]
[TimeControl "180+1"]
[Date "2022.11.16"]
[WhiteClock "0:00:35"]
[BlackClock "0:00:02"]

1. e4 c5 2. Nf3 e6 3. d4 cxd4 4. Nxd4 Nf6 5. Nc3 Nc6 6. Ndb5 d6 7. Be2 a6 8. Na3 b5 9. Nab1 b4 10. Na4 Nxe4 11. Bf3 f5 12. Bxe4 fxe4 13. Be3 d5 14. O-O Be7 15. Qh5+ g6 16. Qh6 Ne5 17. Bd4 Bf6 18. c3 Nf7 19. Qe3 Bxd4 20. Qxd4 O-O 21. Qxb4 Bd7 22. Nc5 Rb8 23. Qd4 Rxb2 24. c4 Rb4 25. Nd2 Qe7 26. a3 Rbb8 27. cxd5 exd5 28. Qxd5 Rfd8 29. Nxd7 Rxd7 30. Qxe4 Qxe4 31. Nxe4 Re8 32. Nf6+ Kf8 33. Nxd7+ Ke7 34. Nc5 Rc8 35. Nxa6 Rc6 36. Nb4 Rb6 37. Rfe1+ Kd6 38. Rad1+ Kc7 39. Nd5+ 1-0


[Site "https://www.chess.com"]

[Event "Titled Tuesday Blitz November 15 Early 2022"]
[White "Pino Perez, Lazaro"]
[Black "Carroll, Thomas"]
[WhiteFideId "3517055"]
[BlackFideId "450111"]
[WhiteElo "2170"]
[BlackElo "1950"]
[Result "0-1"]
[Round "08"]
[TimeControl "180+1"]
[Date "2022.11.16"]
[WhiteClock "0:00:14"]
[BlackClock "0:01:38"]

1. d4 Nf6 2. Bf4 c5 3. d5 Qb6 4. Nc3 Qxb2 5. Bd2 Qb6 6. e4 d6 7. f4 e5 8. Nf3 Nbd7 9. Rb1 Qd8 10. a4 a6 11. Bc4 exf4 12. Bxf4 Nh5 13. Bd2 Be7 14. O-O O-O 15. e5 dxe5 16. d6 Bf6 17. Nd5 Nf4 18. Nc7 Rb8 19. g3 Ng6 20. h4 e4 21. Ng5 Nde5 22. Ba2 Bg4 23. Qe1 Nf3+ 24. Nxf3 Bxf3 25. h5 Bd4+ 26. Be3 Ne5 0-1


[Site "https://www.chess.com"]

[Event "Titled Tuesday Blitz November 15 Early 2022"]
[White "Player, Edmund C"]
[Black "Johnson, Ben"]
[WhiteFideId "406520"]
[BlackFideId "2010917"]
[WhiteElo "2103"]
[BlackElo "2134"]
[Result "0-1"]
[Round "08"]
[TimeControl "180+1"]
[Date "2022.11.16"]
[WhiteClock "0:00:06"]
[BlackClock "0:00:09"]

1. e4 c5 2. Nc3 Nc6 3. Bb5 Nd4 4. Bc4 e6 5. Nge2 Ne7 6. O-O a6 7. a4 Nec6 8. d3 Be7 9. f4 Rb8 10. f5 b5 11. Ba2 b4 12. Nxd4 Nxd4 13. Ne2 Bf6 14. fxe6 dxe6 15. Bc4 O-O 16. Ng3 a5 17. Nh5 Be5 18. Qg4 g6 19. Bg5 f6 20. Bh6 f5 21. exf5 Rxf5 22. Rxf5 Nxf5 23. Bd2 Qd4+ 24. Qxd4 Bxd4+ 25. Kh1 gxh5 26. Rf1 Kg7 27. Bf4 Rb7 28. h3 Rf7 29. Kh2 Ne3 30. Rf3 Nxc4 31. dxc4 e5 32. Bh6+ Kg6 33. Rg3+ Kxh6 34. Rg8 Bxb2 35. g4 hxg4 36. Rxc8 gxh3 37. Rxc5 Rf4 38. Rxa5 Rxc4 39. Rb5 Rxc2+ 40. Kxh3 Rc4 41. a5 Bc3 42. a6 Rc6 43. Ra5 Rc8 44. a7 Ra8 45. Ra6+ Kg5 46. Kg3 Bd4 47. Kf3 b3 48. Ra3 b2 49. Ke4 Rxa7 50. Kd5 Rb7 51. Ke6 b1=Q 52. Rg3+ Kf4 53. Rg7 Qb3+ 54. Kf6 Qb6# 0-1


[Site "https://www.chess.com"]

[Event "Titled Tuesday Blitz November 15 Early 2022"]
[White "Potapova, Margarita"]
[Black "Hoffmann, Asa"]
[WhiteFideId "14126869"]
[BlackFideId "2001470"]
[WhiteElo "2272"]
[BlackElo "2117"]
[Result "1-0"]
[Round "08"]
[TimeControl "180+1"]
[Date "2022.11.16"]
[WhiteClock "0:01:12"]
[BlackClock "0:00:13"]

1. d4 Nf6 2. c4 c5 3. d5 e5 4. Nc3 d6 5. e4 Be7 6. Bd3 Nbd7 7. Nge2 Nf8 8. h4 h6 9. f3 a6 10. Be3 Bd7 11. Qd2 Rb8 12. a4 Qa5 13. Kf2 N8h7 14. g4 Qd8 15. Ng3 Bxg4 16. fxg4 Nxg4+ 17. Kg2 Nxe3+ 18. Qxe3 Bxh4 19. Nf5 Bg5 20. Qf3 Qf6 21. Raf1 O-O 22. Ne2 Bd2 23. Neg3 Ng5 24. Qg4 Rfe8 25. Nh5 Qg6 26. Nhxg7 Qxg7 27. Nxg7 Kxg7 28. Kf2 Bf4 29. Ke2 f6 30. Qd7+ Kg6 31. Rfg1 h5 32. Qf5+ Kg7 33. Rxh5 Rh8 34. Rgh1 Rxh5 35. Rxh5 Rd8 36. a5 Rf8 37. Bc2 Rf7 38. Ba4 Rf8 39. Be8 Rxe8 40. Qd7+ Kg6 41. Qxe8+ 1-0


[Site "https://www.chess.com"]

[Event "Titled Tuesday Blitz November 15 Early 2022"]
[White "Pranav, V"]
[Black "Bacrot, Etienne"]
[WhiteFideId "25060783"]
[BlackFideId "605506"]
[WhiteElo "2430"]
[BlackElo "2666"]
[Result "0-1"]
[Round "08"]
[TimeControl "180+1"]
[Date "2022.11.15"]
[WhiteClock "0:00:12"]
[BlackClock "0:00:51"]

1. e4 c5 2. Nf3 d6 3. d4 cxd4 4. Nxd4 Nf6 5. Nc3 Nc6 6. Bc4 Qb6 7. Nb3 e6 8. O-O a6 9. Be3 Qc7 10. f4 Be7 11. Bd3 b5 12. g4 h5 13. g5 Ng4 14. Bf2 b4 15. Ne2 e5 16. h4 f6 17. Bc4 exf4 18. Nxf4 d5 19. Qxd5 Qxf4 20. Qxc6+ Kf8 21. Kg2 Qh2+ 22. Kf3 Ne5+ 23. Ke3 Nxc6 24. Bd5 Bb7 25. gxf6 gxf6 26. Rg1 Bd6 27. Rg6 Qf4+ 28. Ke2 Nd8 29. Be3 Qh2+ 30. Kd3 Bxd5 31. exd5 Qe5 32. Rf1 Qxd5+ 33. Ke2 Be5 34. Bc5+ Kf7 0-1


[Site "https://www.chess.com"]

[Event "Titled Tuesday Blitz November 15 Early 2022"]
[White "Przybylski, Wojciech"]
[Black "Goltsev, Dmitry"]
[WhiteFideId "1117599"]
[BlackFideId "24176710"]
[WhiteElo "2221"]
[BlackElo "2289"]
[Result "1-0"]
[Round "08"]
[TimeControl "180+1"]
[Date "2022.11.16"]
[WhiteClock "0:00:12"]
[BlackClock "0:00:34"]

1. e4 e6 2. d4 d5 3. Nc3 Nf6 4. Bg5 dxe4 5. Nxe4 Be7 6. Bxf6 gxf6 7. Nc3 a6 8. g3 c5 9. Nge2 Nc6 10. d5 exd5 11. Nxd5 Nd4 12. Nxd4 Qxd5 13. Nf3 Qe4+ 14. Qe2 Bf5 15. Qxe4 Bxe4 16. Bg2 Bxc2 17. O-O O-O-O 18. Rac1 Bd3 19. Rfe1 Rhe8 20. Nd2 b6 21. Nc4 Kc7 22. Ne3 Bf8 23. Nd5+ Kb8 24. Nxb6 Rxe1+ 25. Rxe1 c4 26. Nd5 Bc5 27. b3 c3 28. Nxc3 Bb4 29. Rd1 Rd6 30. Ne4 Rd4 31. Nxf6 Bc3 32. Ne4 Bb2 33. Nc5 Bb5 34. Rxd4 Bxd4 35. Ne4 f6 36. Nd6 Be2 37. Bf1 Bf3 38. Bxa6 Be5 39. Nf5 Be4 40. Ne3 Bb1 41. a4 Bc3 42. Kf1 Ka7 43. Bc4 h5 44. Ke2 Be4 45. f3 Bg6 46. Nd5 Bd4 47. b4 Bc2 48. a5 Bg1 49. h3 Bh2 50. g4 h4 51. f4 Be4 52. Ke3 Bg2 53. Nxf6 Bxh3 54. Kf3 Bg3 55. Ne4 Be1 56. Ng5 Bxg4+ 57. Kxg4 Bxb4 58. a6 Bd2 59. Nf3 Be3 60. Nxh4 Bc5 61. Nf5 Kb6 62. Kf3 Ka5 63. Ke4 Kb4 64. Bd3 Kc3 65. Ng3 Bf2 66. Ne2+ Kb4 67. f5 Kc5 68. Nf4 Kd6 69. Nd5 Bc5 70. f6 Ke6 71. Bc4 Ba7 72. Kf4 Kf7 73. Kf5 Kf8 74. Nb4 Bc5 75. Nc6 Ke8 76. a7 Bxa7 77. Nxa7 Kf8 78. Nb5 Ke8 79. Ke6 Kf8 80. f7 Kg7 81. Ke7 Kg6 82. Be2 Kg7 83. f8=Q+ Kg6 84. Qf6+ Kh7 85. Qg5 Kh8 86. Bc4 Kh7 87. Bd5 Kh8 88. Qh6# 1-0


[Site "https://www.chess.com"]